 Dungeon Crawl Stone Soup version 0.28.0-53-g5a82cb258f (webtiles) character file.

Game seed: 11110970227267599015

163 issech the Chopper (level 5, -10/47 HPs)
             Began as a Minotaur Monk on June 19, 2022.
             Killed by divine providence
             ... invoked by an orc priest
              (12 damage)
             ... on level 3 of the Dungeon.
             The game lasted 00:08:56 (2631 turns).

issech the Chopper (Minotaur Monk)                  Turns: 2631, Time: 00:08:56

Health: -10/47     AC: 20    Str: 22    XL:     5   Next: 20%
Magic:  4/4        EV:  7    Int:  5    God:
Gold:   165        SH:  0    Dex: 14    Spells: 4/4 levels left

rFire   . . .      SeeInvis .   k - +0 falchion (protect)
rCold   . . .      Faith    .   (no shield)
rNeg    . . .      Spirit   .   h - +3 plate armour of the Boiling Point {Str+6 Int-2}
rPois   .          Reflect  .   (helmet restricted)
rElec   .          Harm     .   (no cloak)
rCorr   .          Rampage  .   (no gloves)
Will    .....                   (no boots)
Stlth   ..........              (no amulet)
HPRegen 0.15/turn               (no ring)
MPRegen 0.09/turn               (no ring)

@: under a protective aura
A: horns 2, retaliatory headbutt
a: no special abilities


You were on level 3 of the Dungeon.
You visited 1 branch of the dungeon, and saw 3 of its levels.

You collected 165 gold pieces.

Inventory:

Hand Weapons
 a - a +0 hand axe
 k - a +0 falchion of protection (weapon)
Missiles
 c - 140 stones (quivered)
 j - 40 arrows
 m - 9 poisoned darts
 p - 17 sling bullets
Armour
 b - a +0 robe
 h - the +3 plate armour of the Boiling Point (worn) {Str+6 Int-2}
   (You found it on level 2 of the Dungeon)

   Str:       It affects your strength (+6).
   Int:       It affects your intelligence (-2).
Scrolls
 d - a scroll of blinking {unknown}
 f - a scroll of fear {unknown}
 g - a scroll of immolation {unknown}
 i - a scroll of teleportation {unknown}
 l - a scroll of enchant armour {unknown}
 n - a scroll of identify {unknown}
 o - a scroll of magic mapping {unknown}
Potions
 e - 2 potions of curing {unknown}
 q - a potion of mutation {unknown}


   Skills:
 + Level 4.5 Fighting
 + Level 0.2 Long Blades
 + Level 5.2 Axes
 + Level 0.2 Armour
 + Level 4.4 Dodging
 + Level 2.2 Stealth


You had 4 spell levels left.
You didn't know any spells.
Your spell library was empty.

Dungeon Overview and Level Annotations

Branches:
Dungeon (3/15)

Altars:


Innate Abilities, Weirdness & Mutations

You have a pair of horns on your head.
You reflexively headbutt those who attack you in melee.


Message History

You hit the orc but do no damage. You headbutt the orc.
The orc is heavily wounded.
The orc priest hits you with a +0 flail!
The orc closely misses you. The orc hits you but does no damage.
The orc priest hits you but does no damage.
The orc barely misses you.
You hit the orc but do no damage.
The orc is heavily wounded.
The orc barely misses you.
The orc priest calls upon Beogh to heal the orc.
The orc's wounds heal themselves!
The orc hits you but does no damage. x2
You closely miss the orc. Your headbutt misses the orc.
The orc priest hits you with a +0 flail.
The orc hits you but does no damage. x2
You closely miss the orc.
The orc priest hits you but does no damage.
The orc hits you with a +3 flail! The orc barely misses you.
The orc priest looks satisfied for a moment.
You barely miss the orc. The orc hits you with a +3 flail.
The orc hits you but does no damage.
The orc priest hits you with a +0 flail.
The orc hits you with a +3 flail.
* * * LOW HITPOINT WARNING * * *
The orc barely misses you. You furiously retaliate!
You headbutt the orc. You hit the orc priest.
Your weapon exudes an aura of protection.
Your headbutt misses the orc priest.
The orc priest is moderately wounded.
The orc priest mumbles some strange prayers to Beogh against you.
Beogh smites you!
* * * LOW HITPOINT WARNING * * *
The orc hits you but does no damage. The orc completely misses you.
You furiously retaliate!
You headbutt the orc!
You kill the orc!
You closely miss the orc priest.
The orc priest is moderately wounded.
The orc priest barely misses you. The orc barely misses you.
The orc priest mumbles some strange prayers to Beogh against you.
Beogh smites you!
You die...

#...######..
#..........# ##
#####...######## ..
#.............. #.
#.......###.###. #.
#.#####.........
####.##.# #.###.##..
###...o)..# #.# #.##.#
......o@..# #.###.##.#
.#.#....).#####..##....#
#..#.#.............###
## #...#######.#...#
.....#.# #.#...#
#.#..###. #.#...# ...# #
##.#.#.# ....
##..#...###
......#.#####.#........


You could see an orc priest and an orc.

Vanquished Creatures
  4 gnolls (D:2)
  6 adders
  2 worms
  2 dart slugs
  3 orcs (D:3)
  6 endoplasms
  A giant cockroach (D:2)
  3 hobgoblins
  4 jackals (D:1)
  2 quokkas (D:1)
  3 ball pythons
  8 bats
  3 frilled lizards
  4 goblins
  9 kobolds
  5 rats
65 creatures vanquished.

Notes
Turn   | Place    | Note
-------+----------+-------------------------------------------
     0 | D:1      | issech the Minotaur Monk began the quest for the Orb.
     0 | D:1      | Reached XP level 1. HP: 19/19 MP: 0/0
   114 | D:1      | Reached XP level 2. HP: 20/27 MP: 1/1
   197 | D:1      | Reached skill level 4 in Axes
   569 | D:1      | Reached XP level 3. HP: 27/33 MP: 2/2
   867 | D:2      | Reached XP level 4. HP: 28/40 MP: 3/3
  1516 | D:2      | Identified the +3 plate armour of the Boiling Point {Str+6
                  | Int-2}
  2120 | D:3      | Reached skill level 5 in Axes
  2193 | D:3      | Reached XP level 5. HP: 47/47 MP: 4/4
  2630 | D:3      | HP: 2/47 [orc priest/divine providence (11)]
  2631 | D:3      | Killed from afar by an orc priest

Illustrated notes

Levels and vault maps discovered:
D:1:      eino_arrival_tree_alley, layout_rooms
D:2:      kb_forest_paths, layout_basic
D:3:      layout_loops_ring

Skill      XL: |  1  2  3  4 |
---------------+-------------+-----
Fighting       | 4 |  4.5
Axes           | 4 5 |  5.2
Dodging        | 4 |  4.4
Stealth        | 2 |  2.2
Long Blades    | |  0.2
Armour         | |  0.2

Action                   |  1- 3 |  4- 6 || total
-------------------------+-------+-------++-------
Melee: Hand axe          |    63 |    35 ||    98
       Headbutt          |     6 |     9 ||    15
       Falchion          |       |    43 ||    43
       Punch             |       |     2 ||     2
 Stab: Sleeping          |     2 |       ||     2
Armor: Robe              |    13 |    12 ||    25
       Plate armour      |       |    47 ||    47
Dodge: Dodged            |    62 |    55 ||   117
